 Dungeon Crawl Stone Soup version 0.31-a0-691-g409c26aa35 (webtiles) character file.

Game seed: 7576056935992709873

1 Dordric the Ruffian (level 1, -1/13 HPs)
             Began as an Octopode Shapeshifter on Sept 7, 2023.
             Slain by a goblin
             ... wielding a +1 long sword of freezing
              (4 damage)
             ... on level 1 of the Dungeon.
             The game lasted 00:00:03 (50 turns).

Dordric the Ruffian (Octopode Shapeshifter)           Turns: 50, Time: 00:00:04

Health: -1/13      AC:  1    Str: 13    XL:     1   Next: 20%
Magic:  1/1        EV: 13    Int: 12    God:
Gold:   2          SH:  0    Dex: 11    Spells: 0/0 levels left

rFire   . .          .
                       - Unarmed
rCold   . . .        (no shield)
rNeg    . . .        (helmet currently unavailable)
rPois   .            (no amulet)
rElec   .            (no ring)
rCorr   .            (no ring)
SInv    .            (no ring)
Will    .....        (no ring)
Stlth   ++           (no ring)
HPRegen 0.22/turn    (no ring)
MPRegen 0.07/turn    (no ring)
                     (no ring)

%: no passive effects
@: beast-form
A: beast (slay +1), almost no armour, amphibious, 8 rings, camouflage 1,
gelatinous body 1, (nimble swimmer 1), tentacles
a: Begin Untransformation


You were on level 1 of the Dungeon.
You were a hulking beast.
You visited 1 branch of the dungeon, and saw 1 of its levels.

You collected 2 gold pieces.

Inventory:

Talismans
 b - a beast talisman (active)
 c - a flux talisman
Potions
 a - a potion of lignification


   Skills:
 - Level 1.0 Fighting
 - Level 2.0 Dodging
 + Level 3.1 Unarmed Combat
 - Level 3.0 Shapeshifting


You couldn't memorise any spells.
You didn't know any spells.
Your spell library was empty.

Dungeon Overview and Level Annotations

Branches:
Dungeon (1/15)

Altars:


Innate Abilities, Weirdness & Mutations

You are a hulking beast.
Your limbs bulge with bestial killing power. (Slay +1)
You cannot wear most types of armour.
You are amphibious.
You can wear up to eight rings at the same time.
Your skin changes colour to match your surroundings (Stealth+).
Your rubbery body absorbs attacks. (AC +1, EV +1)
((You are camouflaged when in or above water. (Stealth+)))
You have tentacles for arms and can constrict up to eight enemies at once.


Message History

Welcome, Dordric the Octopode Shapeshifter.
Are you destined to find the terrific Orb of Zot, or to die trying?
Press ? for a list of commands and other information.
Found a hand axe.
Found a staircase leading out of the dungeon.
You enter the deep water.
You now have 2 gold pieces.
A hobgoblin comes into view.
A hobgoblin is nearby!
A hobgoblin is nearby!
A hobgoblin is nearby!
The hobgoblin shouts!
You closely miss the hobgoblin. You grab the hobgoblin.
You constrict the hobgoblin, but do no damage.
A goblin comes into view.
It is wielding a +1 long sword of freezing.
The hobgoblin closely misses you.
The goblin shouts!
You tentacle-slap the hobgoblin but do no damage.
You constrict the hobgoblin. You tentacle-slap the hobgoblin.
You kill the hobgoblin!
You see here a hobgoblin corpse.
The goblin hits you with a +1 long sword of freezing!
Ouch! That really hurt!
* * * LOW HITPOINT WARNING * * *
The goblin freezes you.
You die...

######.#
#......#
#.####.#
#.# #.# #.#
#.# #.# #.#
#†#
#.#########
#.#
#.........#
#h#
#########.#
#g# #.# #.#
#.# #.# #.#
... #.#.#
##. #.#.#.#
. #.#.#.#
## #
#.#.#.# #
#. #.#.#.#


You could see a goblin.

Vanquished Creatures
  A hobgoblin (D:1)
1 creature vanquished.

Notes
Turn   | Place    | Note
-------+----------+-------------------------------------------
     0 | D:1      | Dordric the Octopode Shapeshifter began the quest for the
                  | Orb.
     0 | D:1      | Reached XP level 1. HP: 13/13 MP: 1/1
    50 | D:1      | Slain by a goblin

Illustrated notes

Levels and vault maps discovered:
D:1:      ncdulo_watergridlock, layout_basic, wad_floor_pattern_2,
          minmay_misc_feat_enclosed

Action                     || total
---------------------------++-------
  Melee: Unarmed           ||     3
         Constrict         ||     1
 Armour: Skin              ||     1
  Dodge: Dodged            ||     1

Table legend: (Time is in decaauts)
 A = Elapsed time spent in this place.
 B = Non-inter-level travel time spent in this place.
 C = Inter-level travel time spent in this place.
 D = Time resting spent in this place.
 E = Time spent auto-exploring this place.
 F = Levels seen in this place.
 G = Mean time per level.
                   A        B        C        D        E       F      G
               +--------+--------+--------+--------+--------+-----+--------+
         Total |     49 |     49 |      0 |      0 |     41 |   1 |   49.0 |
       Dungeon |     49 |     49 |      0 |      0 |     41 |   1 |   49.0 |
               +--------+--------+--------+--------+--------+-----+--------+

Top non-repeatable levels by time:
     D:1: 49 daAuts
